 Dungeon Crawl Stone Soup version 0.18.1-48-g4cf74bf (webtiles) character file.

3632 RepoMan the Arsonist (level 9, -4/93 HPs)
             Began as a Demigod Fire Elementalist on Aug 19, 2016.
             Slain by a centaur warrior
             ... wielding a +2 great mace of protection
              (14 damage)
             ... on level 9 of the Dungeon.
             The game lasted 01:17:14 (10073 turns).

RepoMan the Arsonist (Demigod Fire Elementalist)   Turns: 10073, Time: 01:17:17

Health: -4/93      AC: 24    Str: 13    XL:     9   Next: 57%
Magic:  2/21       EV:  2    Int: 23    God:
Gold:   237        SH:  0    Dex: 16    Spells: 6 memorised, 1 level left

rFire  . . .     SeeInvis +     s - +0 long sword
rCold  . . .     Gourm    .     (armour currently unavailable)
rNeg   + + +     Faith    .     (no shield)
rPois  +         Spirit   .     (helmet currently unavailable)
rElec  .         Dismiss  .     (cloak currently unavailable)
rCorr  .         Reflect  .     (gloves currently unavailable)
SustAt +         Harm     .     (boots currently unavailable)
MR     .....     NoTele   +     (no amulet)
Stlth  ++........               y - ring of see invisible
                                i - ring of positive energy

@: tree-form, not resistant to hostile enchantments, unstealthy
A: high mp 1, sustain attributes
a: no special abilities


You were on level 9 of the Dungeon.
You were not hungry.
You were a tree.
You visited 2 branches of the dungeon, and saw 10 of its levels.

You collected 386 gold pieces.
You spent 149 gold pieces at shops.

Inventory:

Hand Weapons
 s - a +0 long sword (weapon)
Missiles
 H - 2 javelins (quivered)
Armour
 h - a +0 leather armour
 m - a +2 pair of boots of running (melded)
 t - a +1 pair of gloves (melded)
 x - the +1 leather armour of Dishonour (melded) {+Inv rC- Int+10}
   (You found it on level 6 of the Dungeon)

   It affects your intelligence (+10).
   It makes you vulnerable to cold.
   It lets you turn invisible.
 A - a +0 ring mail
 C - a +0 helmet (melded)
 E - a +1 cloak (melded)
Jewellery
 i - a ring of positive energy (left branch)
 y - a ring of see invisible (right branch)
 G - an uncursed ring of fire
Wands
 l - a wand of acid (3/15)
 B - a wand of flame (3/48)
Scrolls
 d - 2 scrolls of immolation
 e - a scroll of magic mapping {unknown}
 k - 7 scrolls of remove curse
 q - 2 scrolls of teleportation
 r - a scroll of recharging
 w - a scroll of enchant armour
 z - 3 scrolls of identify
Potions
 a - a potion of magic
 f - a potion of mutation {unknown}
 g - 3 potions of brilliance
 j - a potion of curing
 o - 2 potions of flight
 u - 3 potions of lignification
 v - a potion of resistance {unknown}
 D - a potion of agility {unknown}
 F - a potion of heal wounds {unknown}
 J - 2 potions of haste
Books
 b - a book of Flames

   Spells                             Type                      Level
   a - Flame Tongue                   Conjuration/Fire             1
   b - Throw Flame                    Conjuration/Fire             2
   c - Conjure Flame                  Conjuration/Fire             3
   d - Inner Flame                    Hexes/Fire                   3
   e - Sticky Flame                   Conjuration/Fire             4
   f - Fireball                       Conjuration/Fire             5
 I - a book of Callings

   Spells                             Type                      Level
   a - Summon Small Mammal            Summoning                    1
   b - Call Imp                       Summoning                    2
   c - Call Canine Familiar           Summoning                    3
   d - Summon Guardian Golem          Hexes/Summoning              3
   e - Summon Lightning Spire         Summoning/Air                4
   f - Summon Ice Beast               Ice/Summoning                4
Comestibles
 c - 6 bread rations
 n - 17 fruits
 p - 5 meat rations
 L - a royal jelly


   Skills:
 + Level 3.6 Long Blades
 + Level 4.8 Armour
 - Level 1.7 Dodging
 - Level 1.7 Stealth
 + Level 5.5 Spellcasting
 + Level 5.4 Conjurations
 * Level 8.6 Fire Magic


You had one spell level left.
You knew the following spells:

 Your Spells              Type           Power        Failure   Level  Hunger
a - Flame Tongue          Conj/Fire      #####        1%          1    None
c - Conjure Flame         Conj/Fire      #####...     1%          3    ##.....
e - Fireball              Conj/Fire      #####.....   17%         5    #####..
f - Throw Flame           Conj/Fire      #####.       1%          2    None
i - Inner Flame           Hex/Fire       ####....     6%          3    ##.....
s - Sticky Flame          Conj/Fire      #####...     8%          4    ####...


Dungeon Overview and Level Annotations

Branches:
Dungeon (9/15)             Temple (1/1) D:6            Lair (0/8) D:9
    Orc: D:9-12

Shops:
D:4 [(   D:5 ?   D:6 }

Annotations:
D:8 Erolcha


Innate Abilities, Weirdness & Mutations

You have an increased reservoir of magic (+10% MP).
Your attributes are resistant to harm.


Message History

The centaur warrior burns!
The centaur warrior hits you with a great mace of protection!
* * * LOW HITPOINT WARNING * * *
The centaur warrior completely misses you.
Drink which item? (? for menu, Esc to quit)
You feel better.
The centaur warrior burns!
The centaur warrior hits you with a great mace of protection.
* * * LOW HITPOINT WARNING * * *
Casting: Sticky Flame
Confirm with . or Enter, or press ? or * to list all spells.
Aiming: Sticky Flame
Press: ? - help, Shift-Dir - straight line, f/p - centaur warrior
Aim: a centaur warrior, wielding a great mace of protection (severely wounded, covered in liquid flames)
The sticky flame hits the centaur warrior.
The centaur warrior appears unharmed.
The centaur warrior is severely wounded.
The centaur warrior is covered in liquid flames!
The centaur warrior burns!
The centaur warrior hits you with a great mace of protection!
You die...

#.....P.. ##### #...#..P. ....#
#...#.... ....# #...# ... ....#
#...###.. O...# #........
....#### ################.§......
........ ........c.....†c.§......
........ .......♣#####'##+######.
........ ........#............ .
........ ........#............ .
........ ........#..........## .
........ ........###........# .
........ ..........#.......♣♣
############.......#...###♣♣♣♣♣♣♣
...........#.......#...#..♣ ♣...♣
.....).....#.......#####..♣ ♣♣._.


You could see a centaur warrior (burning).

Vanquished Creatures
  An elephant (D:9)
  Grinder (D:5)
  Sigmund (D:5)
  Grum (D:8)
  Edmund (D:7)
  An ice beast (D:7)
  2 phantoms
  5 ogres
  2 wolves (D:8)
  2 centaurs (D:5)
  A big kobold (D:7)
  2 giant frogs
  A water moccasin skeleton (D:7)
  4 wights
  A howler monkey (D:6)
  4 crimson imps
  4 hounds
  3 orc priests
  4 jellies
  3 orc wizards
  2 iguanas
  Ijyb (D:2)
  9 worker ants
  A sheep (D:9)
  Robin (D:3)
  5 gnolls
  15 adders
  3 oozes
  2 worms
  7 dart slugs
  2 giant geckos (D:8)
  23 orcs
  5 giant cockroaches
  19 goblins
  14 hobgoblins
  4 jackals (D:2)
  16 kobolds
  3 quokkas
  2 ball pythons
  11 bats
  A giant gecko skeleton (D:6)
  14 giant newts
  A jackal zombie (D:7)
  2 quokka skeletons (D:4)
  17 rats
224 creatures vanquished.

Notes
Turn   | Place    | Note
--------------------------------------------------------------
     0 | D:1      | RepoMan the Demigod Fire Elementalist began the quest for the Orb.
     0 | D:1      | Reached XP level 1. HP: 14/14 MP: 5/5
    16 | D:1      | Reached skill level 1 in Conjurations
   146 | D:1      | Reached skill level 3 in Fire Magic
   230 | D:1      | Reached XP level 2. HP: 20/20 MP: 4/7
   319 | D:1      | Learned a level 2 spell: Throw Flame
   827 | D:1      | Reached XP level 3. HP: 26/26 MP: 5/8
  1331 | D:2      | Noticed Ijyb
  1336 | D:2      | Killed Ijyb
  1390 | D:2      | Identified a +2 pair of boots of running (You found it on level 2 of the Dungeon)
  1466 | D:2      | Reached XP level 4. HP: 33/33 MP: 5/10
  1475 | D:2      | Learned a level 3 spell: Conjure Flame
  1664 | D:2      | Reached skill level 4 in Fire Magic
  2299 | D:2      | Found a basalt altar of Yredelemnul.
  2299 | D:2      | Found an ancient bone altar of Kikubaaqudgha.
  2572 | D:3      | Found a glowing silver altar of Zin.
  2675 | D:3      | Reached XP level 5. HP: 38/38 MP: 8/12
  3133 | D:3      | Reached skill level 1 in Armour
  3159 | D:3      | Noticed Robin
  3505 | D:3      | Killed Robin
  3753 | D:3      | Found an iron altar of Okawaru.
  3894 | D:4      | Found Recricuxt's Antique Armour Shoppe.
  3940 | D:4      | Reached XP level 6. HP: 44/45 MP: 8/13
  3955 | D:4      | Reached skill level 5 in Fire Magic
  4165 | D:4      | Found Hesor's Weapon Boutique.
  4395 | D:4      | Found a shattered altar of Ashenzari.
  4741 | D:5      | Entered Level 5 of the Dungeon
  4807 | D:5      | Reached XP level 7. HP: 43/50 MP: 4/15
  4827 | D:4      | Learned a level 4 spell: Sticky Flame
  4851 | D:4      | Learned a level 3 spell: Inner Flame
  5030 | D:5      | Found a glowing golden altar of the Shining One.
  5078 | D:5      | Noticed Grinder
  5093 | D:5      | Paralysed by Grinder for 3 turns
  5095 | D:5      | Killed Grinder
  5095 | D:5      | Reached skill level 6 in Fire Magic
  5246 | D:4      | Bought a +0 long sword for 45 gold pieces
  5538 | D:5      | Found Nohaanut's Magic Scroll Boutique.
  5550 | D:5      | Bought a scroll of identify for 26 gold pieces
  5550 | D:5      | Bought a scroll of identify for 26 gold pieces
  5550 | D:5      | Bought a scroll of noise for 13 gold pieces
  5550 | D:5      | Bought a scroll of teleportation for 39 gold pieces
  5664 | D:5      | Noticed Sigmund
  5668 | D:5      | Killed Sigmund
  5668 | D:5      | Reached skill level 1 in Long Blades
  5668 | D:5      | Reached XP level 8. HP: 53/57 MP: 11/17
  6034 | D:5      | Reached skill level 7 in Fire Magic
  6193 | D:6      | Found a staircase to the Ecumenical Temple.
  6247 | Temple   | Entered the Ecumenical Temple
  6287 | D:6      | Found Geirr's Gadget Boutique.
  6336 | D:6      | Noticed Edmund
  7628 | D:7      | Found a glowing golden altar of the Shining One.
  8129 | D:8      | Noticed Grum
  8141 | D:8      | Killed Grum
  8141 | D:8      | Reached XP level 9. HP: 55/62 MP: 2/20
  8144 | D:8      | Noticed Erolcha
  8341 | D:6      | Found an oddly glowing altar of Pakellas.
  8346 | D:6      | Got a distressingly furry leather armour
  8362 | D:6      | Identified the +1 leather armour of Dishonour {+Inv rC- Int+10} (You found it on level 6 of the Dungeon)
  8382 | D:6      | Reached skill level 5 in Spellcasting
  9064 | D:7      | Killed Edmund
  9350 | D:8      | Reached skill level 5 in Conjurations
  9384 | D:8      | Reached skill level 8 in Fire Magic
  9682 | D:9      | Found a shadowy altar of Dithmenos.
  9743 | D:9      | Learned a level 5 spell: Fireball
  9893 | D:9      | Found a blossoming altar of Fedhas.
  9963 | D:9      | Found a staircase to the Lair.
  9963 | D:9      | Noticed an elephant
  9984 | D:9      | Killed an elephant
 10029 | D:9      | Noticed a centaur warrior
 10073 | D:9      | Slain by a centaur warrior

Skill      XL: |  1  2  3  4  5  6  7  8  9 |
---------------+----------------------------+-----
Conjurations   | 1 2 3 4 5 |  5.4
Fire Magic     | 3 4 5 6 7 8 |  8.6
Spellcasting   | 2 3 4 5 |  5.5
Armour         | 1 2 3 4 |  4.8
Long Blades    | 1 2 3 |  3.6
Dodging        | |  1.7
Stealth        | |  1.7

Action                   |  1- 3 |  4- 6 |  7- 9 || total
-------------------------+-------+-------+-------++-------
Melee: Unarmed           |    16 |    39 |    26 ||    81
       Long sword        |       |       |   169 ||   169
Throw: Javelin           |       |       |    29 ||    29
 Cast: Flame Tongue      |    74 |   183 |   200 ||   457
       Conjure Flame     |       |     3 |    10 ||    13
       Throw Flame       |       |     1 |       ||     1
       Sticky Flame      |       |       |    22 ||    22
       Inner Flame       |       |       |     4 ||     4
Evoke: Wand              |       |     1 |    10 ||    11
  Use: Scroll            |       |       |    14 ||    14
       Potion            |       |       |     3 ||     3
 Stab: Sleeping          |       |       |     3 ||     3
  Eat: Chunk             |     2 |    10 |    14 ||    26
       Beef jerky        |       |       |     2 ||     2
       Fruit             |       |       |     2 ||     2
Armor: Robe              |     4 |     7 |       ||    11
       Leather armour    |       |    21 |   136 ||   157
Dodge: Dodged            |    10 |    71 |   195 ||   276
